 Dungeon Crawl Stone Soup version 0.21.1-1-g345015f (webtiles) character file.

223 sking99 the Magician (level 6, -3/36 HPs)
             Began as an Octopode Wizard on July 1, 2018.
             Was an Initiate of Nemelex Xobeh.
             Slain by an orc priest
             ... wielding a +0 flail
              (6 damage)
             ... on level 3 of the Dungeon.
             The game lasted 00:10:28 (3768 turns).

sking99 the Magician (Octopode Wizard)              Turns: 3768, Time: 00:10:29

Health: -3/36      AC:  1    Str:  6    XL:     6   Next: 0%
Magic:  3/11       EV: 13    Int: 22    God:    Nemelex Xobeh [......]
Gold:   154        SH:  0    Dex: 11    Spells: 3/12 levels left

rFire    . . .     SeeInvis .   f - +0 dagger (curse)
rCold    . . .     Gourm    .   (no shield)
rNeg     . . .     Faith    .   a - +0 hat
rPois    .         Spirit   .   (no amulet)
rElec    .         Reflect  .   (no ring)
rCorr    .         Harm     .   (no ring)
MR       .....                  (no ring)
Stlth    +++.......             (no ring)
HPRegen  0.12/turn              (no ring)
MPRegen  0.12/turn              (no ring)
                                (no ring)
                                (no ring)

@: no status effects
A: almost no armour, stealthy swim, amphibious, 8 rings, constrict 8, camouflage
1, gelatinous body 1
a: Renounce Religion


You were on level 3 of the Dungeon.
You worshipped Nemelex Xobeh.
Nemelex Xobeh was noncommittal.
You were not hungry.

You visited 1 branch of the dungeon, and saw 3 of its levels.

You collected 154 gold pieces.

Inventory:

Hand Weapons
 f - a cursed +0 dagger (weapon)
 q - a +0 trident
Armour
 a - a +0 hat (worn)
Wands
 i - a wand of paralysis (10)
Scrolls
 g - 2 scrolls of fog {unknown}
 k - a scroll of teleportation {unknown}
 l - a scroll of identify {unknown}
 n - 2 scrolls of enchant armour {unknown}
 o - a scroll of enchant weapon {unknown}
Potions
 e - 4 potions of curing {unknown}
 h - a potion of lignification {unknown}
Books
 b - a book of Minor Magic

   Spells                             Type                      Level
   a - Magic Dart                     Conjuration                  1
   b - Blink                          Translocation                2
   c - Call Imp                       Summoning                    2
   d - Slow                           Hexes                        2
   e - Conjure Flame                  Conjuration/Fire             3
   f - Mephitic Cloud                 Conjuration/Poison/Air       3
 m - a book of Necromancy

   Spells                             Type                      Level
   a - Pain                           Necromancy                   1
   b - Animate Skeleton               Necromancy                   1
   c - Vampiric Draining              Necromancy                   3
   d - Regeneration                   Charms/Necromancy            3
   e - Animate Dead                   Necromancy                   4
   f - Borgnjor's Vile Clutch         Necromancy/Earth             5
 p - a book of Misfortune

   Spells                             Type                      Level
   a - Confusing Touch                Hexes                        1
   b - Confuse                        Hexes                        3
   c - Gell's Gravitas                Translocation                3
   d - Petrify                        Transmutation/Earth          4
   e - Metabolic Englaciation         Hexes/Ice                    5
   f - Yara's Violent Unravelling     Hexes/Transmutation          5
Miscellaneous
 j - a plain deck of summoning
Comestibles
 c - 3 rations
 d - 13 chunks of flesh


   Skills:
 - Level 2.5 Dodging
 - Level 2.6 Stealth
 + Level 3.7 Spellcasting
 + Level 2.9 Conjurations
 + Level 2.0 Summonings
 + Level 1.8 Translocations
 - Level 1.0 Air Magic
 + Level 1.9 Poison Magic
 + Level 1.3 Invocations


You had 3 spell levels left.
You knew the following spells:

 Your Spells              Type           Power        Failure   Level  Hunger
a - Magic Dart            Conj           ###.         3%          1    None
b - Blink                 Tloc           N/A          9%          2    #......
c - Call Imp              Summ           ##......     8%          2    #......
d - Mephitic Cloud        Conj/Pois/Air  ##......     16%         3    ###....
e - Animate Skeleton      Necr           N/A          12%         1    None


Dungeon Overview and Level Annotations

Branches:
Dungeon (3/15)

Altars:
Nemelex Xobeh
Qazlal
Vehumet
Wu Jian


Innate Abilities, Weirdness & Mutations

You cannot wear most types of armour.
You are very stealthy in the water. (Stealth+)
You are amphibious.
You can wear up to eight rings at the same time.
You can use your tentacles to constrict eight enemies at once.
Your skin changes colour to match your surroundings (Stealth+).
Your rubbery body absorbs attacks. (AC +1, EV +1)


Message History

Aim: an orc priest, wielding a flail and wearing a chain mail (lightly wounded, fast)
The magic dart hits the orc priest.
The orc priest is lightly wounded.
The orc priest hits you with a flail.
* * * LOW HITPOINT WARNING * * *
The orc priest miscasts a cantrip.
The orc priest hits you with a flail!
* * * LOW HITPOINT WARNING * * *
There is an open door here.
Casting: Magic Dart
Confirm with . or Enter, or press ? or * to list all spells.
A beastly little devil appears in a puff of flame.
Your crimson imp says, "Let's sow havoc!"
The orc priest closely misses you. The orc priest barely misses you.
Casting: Call Imp
Confirm with . or Enter, or press ? or * to list all spells.
A beastly little devil appears in a puff of flame.
The orc priest hits you with a flail.
You die...
Your body disappears without a glow.

#.......##.....+.......ZZZ..
#..)...)##.....#..#######.##
#.......# #.......#...<..)..
#.......###....#..#.....)(..
#........##.................
########.##.#...#.#..#.#####
#.##.#...#.#..#.#
#.##5#...#.##.#.#
######'##@##'##....#.#
#.......#o##)#######.#
#.......#5##.........#
#.........).##########
#...........# #...........#
##..........# #........###
#........#


You could see an orc priest and 2 friendly crimson imps.

Vanquished Creatures
  An orc priest (D:3)
  An orc wizard (D:3)
  5 adders
  2 oozes
  2 worms (D:3)
  A dart slug (D:1)
  3 leopard geckos
  6 orcs
  8 bats
  3 giant cockroaches
  3 goblins (D:1)
  6 hobgoblins
  2 jackals (D:2)
  2 quokkas (D:3)
  7 frilled lizards
  5 kobolds
  5 rats
62 creatures vanquished.

Vanquished Creatures (collateral kills)
  2 orc priests (D:3)
  7 orcs (D:3)
9 creatures vanquished.

Grand Total: 71 creatures vanquished

Notes
Turn   | Place    | Note
-------+----------+-------------------------------------------
     0 | D:1      | sking99 the Octopode Wizard began the quest for the Orb.
     0 | D:1      | Reached XP level 1. HP: 11/11 MP: 4/4
   191 | D:1      | Reached XP level 2. HP: 13/17 MP: 0/6
  1003 | D:1      | Reached XP level 3. HP: 21/21 MP: 4/7
  1427 | D:2      | Learned a level 2 spell: Blink
  1430 | D:2      | Learned a level 2 spell: Call Imp
  1434 | D:2      | Learned a level 3 spell: Mephitic Cloud
  1825 | D:2      | Reached XP level 4. HP: 17/27 MP: 0/9
  1950 | D:2      | Found a sparkling altar of Nemelex Xobeh.
  1989 | D:2      | Found a radiant altar of Vehumet.
  1989 | D:2      | Found a stormy altar of Qazlal.
  2288 | D:2      | Found an ornate altar of the Wu Jian Council.
  2361 | D:2      | Became a worshipper of Nemelex Xobeh the Trickster
  2565 | D:3      | Reached skill level 1 in Air Magic
  2565 | D:3      | Reached skill level 1 in Poison Magic
  2566 | D:3      | Paralysed by an orc for 4 turns
  2571 | D:3      | Reached XP level 5. HP: 31/31 MP: 2/10
  3066 | D:3      | Received a gift from Nemelex Xobeh
  3161 | D:3      | Reached skill level 1 in Invocations
  3279 | D:3      | Learned a level 1 spell: Animate Skeleton
  3726 | D:3      | Reached XP level 6. HP: 36/36 MP: 7/11
  3768 | D:3      | Slain by an orc priest

Skill      XL: |  1  2  3  4  5 |
---------------+----------------+-----
Conjurations   | 2 |  2.9
Air Magic      | 1 |  1.0
Poison Magic   | 1 |  1.9
Invocations    | 1 |  1.3
Summonings     | 2 |  2.0
Dodging        | |  2.5
Stealth        | |  2.6
Spellcasting   | |  3.7
Translocations | |  1.8

Action                   |  1- 3 |  4- 6 || total
-------------------------+-------+-------++-------
Melee: Constrict         |     1 |     1 ||     2
       Unarmed           |     1 |       ||     1
       Dagger            |     3 |     6 ||     9
       Tentacles         |       |     2 ||     2
 Cast: Magic Dart        |    87 |   108 ||   195
       Call Imp          |     1 |     6 ||     7
       Animate Skeleton  |       |     6 ||     6
  Eat: Chunk             |     2 |     3 ||     5
       Ration            |       |     1 ||     1
Armor: Skin              |     1 |       ||     1
Dodge: Dodged            |    23 |    17 ||    40
